 Dungeon Crawl Stone Soup version 0.20.1-1-g8b1a95d (webtiles) character file.

184 mortelune the Digger (level 5, -4/42 HPs)
             Began as a Gargoyle Earth Elementalist on Nov 1, 2017.
             Slain by Sigmund
             ... wielding a +0 scythe
              (7 damage)
             ... on level 3 of the Dungeon.
             The game lasted 00:22:38 (3316 turns).

mortelune the Digger (Gargoyle Earth Elementalist)  Turns: 3316, Time: 00:22:39

Health: -4/42      AC: 22    Str: 12    XL:     5   Next: 64%
Magic:  4/10       EV:  2    Int: 16    God:
Gold:   157        SH:  0    Dex: 10    Spells: 6/10 levels left

rFire    . . .     SeeInvis .   r - +0 mace
rCold    . . .     Gourm    .   (no shield)
rNeg     + + +     Faith    .   (armour currently unavailable)
rPois    ∞         Spirit   .   (helmet currently unavailable)
rElec    .         Reflect  .   (cloak currently unavailable)
rCorr    .         Harm     .   (gloves currently unavailable)
MR       .....     NoTele   +   (boots currently unavailable)
Stlth    ++........             (no amulet)
Regen    0.2/turn               j - ring of wizardry
MPRegen  0.2/turn               (no ring)

@: tree-form
A: negative energy resistance 1, petrification resistance, rot immunity, AC +4
a: no special abilities


You were on level 3 of the Dungeon.
You were not hungry.
You were a tree.
You visited 1 branch of the dungeon, and saw 3 of its levels.

You collected 157 gold pieces.

Inventory:

Hand Weapons
 a - a +0 whip
 h - a +2 quarterstaff of chaos
 r - a +0 mace (weapon)
Armour
 c - a +0 robe (melded)
 s - a +0 helmet (melded)
 w - a +0 cloak (melded)
Jewellery
 j - a ring of wizardry (left branch)
Wands
 b - a wand of flame (31/48)
 v - a wand of random effects (21/48)
Scrolls
 g - a scroll of enchant weapon {unknown}
 i - 4 scrolls of remove curse
 o - 2 scrolls of identify
Potions
 l - a potion of berserk rage {unknown}
 m - a potion of ambrosia {unknown}
 n - a potion of flight {unknown}
 q - 2 potions of brilliance
 t - a potion of might {unknown}
 u - a potion of curing {unknown}
Books
 e - a book of Geomancy

   Spells                             Type                      Level
   a - Sandblast                      Earth                        1
   b - Passwall                       Transmutation/Earth          2
   c - Stone Arrow                    Conjuration/Earth            3
   d - Petrify                        Transmutation/Earth          4
   e - Lee's Rapid Deconstruction     Earth                        5
Comestibles
 d - 4 bread rations
 f - a meat ration


   Skills:
 + Level 1.4 Maces & Flails
 - Level 1.5 Dodging
 - Level 2.1 Stealth
 + Level 3.4 Spellcasting
 + Level 2.1 Conjurations
   Level 0.7 Transmutations
 + Level 5.2 Earth Magic


You had 6 spell levels left.
You knew the following spells:

 Your Spells              Type           Power        Failure   Level  Hunger
a - Sandblast             Erth           ###...       1%          1    None
b - Stone Arrow           Conj/Erth      ##....       4%          3    ###....


Dungeon Overview and Level Annotations

Branches:
Dungeon (3/15)

Altars:

Annotations:
D:2 exclusion: 2 downstairs
D:3 Folque's ghost, weakling TeCj; Natasha; Sigmund


Innate Abilities, Weirdness & Mutations

You are resistant to torment.
((Your stone body is resilient. (AC +4)))
You are immune to poison.
You resist negative energy. (rN+)
((You are resistant to electric shocks. (rElec)))
((You can survive without breathing.))
You are immune to petrification.
You are immune to rotting.


Message History

Aiming: Stone Arrow
Press: ? - help, Shift-Dir - straight line, f/p - centaur
Aim: a centaur, wielding a shortbow The stone arrow hits the centaur.
The centaur is moderately wounded.
The centaur shoots an arrow.
The arrow hits you!
* * * LOW HITPOINT WARNING * * *
Unknown command.
Unknown command.
Casting: Stone Arrow
Confirm with . or Enter, or press ? or * to list all spells.
Aiming: Stone Arrow
Press: ? - help, Shift-Dir - straight line, f/p - centaur
Aim: a centaur, wielding a shortbow (moderately wounded)
The stone arrow hits the centaur.
The centaur is heavily wounded.
The centaur unwields an uncursed shortbow.
The centaur hits you but does no damage.
Something hits you!
You die...

**
#...............#
*,*** ,*
*#......(........#
**,* ,*
#...........c...##
*,,* ,*
#.##...(.#(.....#
***,** ,*
#.*#######(###<.#
***,,,* ,****#,*
#.###..# *,,,***
,*,,,,,* #{.##..#
*,*** # ,*,,,,,*
##c##.####.* ##
,,,,,,,*
#♣##.#...,* ###.
**,,,,**
#.##.#.#*** #...
*,,,,* #.#....#
##.## *,,,,*
#####....#** #..#
*,,,,* #........#
####.##* *,,,,*
#.####...#
#.....#. *,,,,*
#.# #...# #.......
*,,,,* ###.# #...#
####......# ******
#...#
#..####........##


You could see a centaur.

Vanquished Creatures
  Crazy Yiuf (D:3)
  Jessica (D:3)
  Natasha (D:3)
  Robin (D:3)
  3 worms (D:2)
  A dart slug (D:1)
  A leopard gecko (D:3)
  An orc (D:3)
  3 giant cockroaches
  13 hobgoblins
  5 jackals
  4 kobolds
  2 quokkas (D:2)
  8 bats
  5 frilled lizards
  12 goblins
  21 rats
83 creatures vanquished.

Notes
Turn   | Place    | Note
-------+----------+-------------------------------------------
     0 | D:1      | mortelune the Gargoyle Earth Elementalist began the quest for the Orb.
     0 | D:1      | Reached XP level 1. HP: 10/10 MP: 3/3
   251 | D:1      | Reached XP level 2. HP: 15/15 MP: 1/5
   323 | D:1      | Reached skill level 4 in Earth Magic
  1088 | D:1      | Reached XP level 3. HP: 19/19 MP: 2/7
  1103 | D:1      | Learned a level 3 spell: Stone Arrow
  1985 | D:2      | Reached XP level 4. HP: 24/24 MP: 4/8
  2033 | D:3      | Noticed Robin
  2137 | D:3      | Reached skill level 1 in Conjurations
  2140 | D:3      | Noticed Jessica
  2195 | D:3      | Killed Jessica
  2422 | D:3      | Killed Robin
  2541 | D:3      | Reached XP level 5. HP: 28/28 MP: 2/9
  2544 | D:3      | Noticed Sigmund
  2743 | D:2      | Reached skill level 5 in Earth Magic
  2816 | D:2      | Reached skill level 1 in Maces & Flails
  2924 | D:3      | Noticed Natasha
  2926 | D:3      | Killed Natasha
  3069 | D:3      | Noticed Folque's ghost (weakling TeCj)
  3072 | D:3      | Noticed Natasha
  3111 | D:3      | Found a runed door.
  3115 | D:3      | Noticed Crazy Yiuf
  3227 | D:3      | Killed Crazy Yiuf
  3300 | D:3      | Noticed a centaur
  3316 | D:3      | Slain by Sigmund

Skill      XL: |  1  2  3  4  5 |
---------------+----------------+-----
Earth Magic    | 4 5 |  5.2
Conjurations   | 1 2 |  2.1
Spellcasting   | 3 |  3.4
Maces & Flails | 1 |  1.4
Dodging        | |  1.5
Stealth        | |  2.1
Transmutations | |  0.7

Action                   |  1- 3 |  4- 6 || total
-------------------------+-------+-------++-------
Melee: Whip              |    95 |    46 ||   141
 Cast: Sandblast         |    53 |     7 ||    60
       Stone Arrow       |     4 |    24 ||    28
  Use: Scroll            |       |     6 ||     6
       Potion            |       |     1 ||     1
  Eat: Chunk             |     4 |     5 ||     9
       Meat ration       |       |     1 ||     1
Armor: Robe              |    49 |    27 ||    76
       Skin              |       |     3 ||     3
Dodge: Dodged            |    85 |    52 ||   137
